 Dungeon Crawl Stone Soup version 0.29-a0-275-g389c0b56f3 (webtiles) character file.

Game seed: 16388935489066542468

5030 Morbidden the Carver (level 10, -3/76 HPs)
             Began as a Demonspawn Fighter on Mar 11, 2022.
             Was a Follower of Cheibriados.
             Killed by nerve-wracking pain
             ... invoked by an orc priest
              (11 damage)
             ... on level 7 of the Dungeon.
             The game lasted 00:08:37 (8966 turns).

Morbidden the Carver (Demonspawn Fighter)           Turns: 8966, Time: 00:08:38

Health: -3/76      AC: 18    Str: 19    XL:     10   Next: 30%
Magic:  12/12      EV:  8    Int: 17    God:    Cheibriados [*.....]
Gold:   610        SH: 10    Dex: 16    Spells: 7/11 levels left

rFire   . . .      SeeInvis .   b - +1 dagger (venom)
rCold   + . .      Faith    .   c - +0 kite shield
rNeg    . . .      Spirit   .   r - +0 chain mail
rPois   .          Reflect  .   J - +0 helmet
rElec   .          Harm     .   F - +0 cloak
rCorr   .          Rampage  .   s - +1 pair of gloves
Will    .....                   f - +0 pair of boots
Stlth   ..........              (no amulet)
HPRegen 0.22/turn               v - ring of flight
MPRegen 0.13/turn               w - ring of protection from cold

@: flying, very slow
A: molten scales 1, ignite blood 2, spiny 2
a: Renounce Religion, Bend Time


You were on level 7 of the Dungeon.
You worshipped Cheibriados.
Cheibriados was aware of your devotion.
You visited 2 branches of the dungeon, and saw 8 of its levels.

You collected 610 gold pieces.

Inventory:

Hand Weapons
 a - a +0 long sword
 b - a +1 dagger of venom (weapon)
Missiles
 n - 5 silver javelins
 G - 2 boomerangs (quivered)
 L - 5 poisoned darts
Armour
 c - a +0 kite shield (worn)
 f - a +0 pair of boots (worn)
 r - a +0 chain mail (worn)
 s - a +1 pair of gloves (worn)
 F - a +0 cloak (worn)
 J - a +0 helmet (worn)
 K - +0 steam dragon scales
Jewellery
 v - a ring of flight (left hand)
 w - a ring of protection from cold (right hand)
Wands
 A - a wand of polymorph (3)
 E - a wand of digging (4)
Scrolls
 e - 7 scrolls of identify
 g - a scroll of teleportation
 h - 2 scrolls of noise {unknown}
 i - 2 scrolls of enchant weapon {unknown}
 j - a scroll of enchant armour {unknown}
 l - 2 scrolls of vulnerability {unknown}
 m - 2 scrolls of immolation {unknown}
 o - 3 scrolls of amnesia {unknown}
 u - a scroll of acquirement {unknown}
 y - a scroll of magic mapping {unknown}
 B - a scroll of blinking {unknown}
 C - 2 scrolls of fear {unknown}
 D - a scroll of torment {unknown}
Potions
 d - 2 potions of might
 k - a potion of mutation {unknown}
 p - 2 potions of curing
 q - 2 potions of heal wounds {unknown}
 t - 2 potions of cancellation {unknown}
 x - 2 potions of flight {unknown}
 z - 2 potions of brilliance {unknown}
 H - a potion of experience {unknown}
 I - a potion of haste {unknown}


   Skills:
 * Level 6.2 Fighting
 + Level 3.6(6.3) Short Blades
 * Level 8.0(8.4) Long Blades
 + Level 6.2 Armour
 * Level 5.5 Dodging
 + Level 1.0 Stealth
 + Level 4.9 Shields
 * Level 1.2 Spellcasting
 * Level 1.4 Air Magic
 * Level 3.2 Invocations


You had 7 spell levels left.
You knew the following spells:

 Your Spells              Type           Power      Damage    Failure   Level
a - Airstrike             Air            3%         N/A       100%        4

Your spell library contained the following spells:

 Spells                   Type           Power      Damage    Failure   Level
 Ozocubu's Armour         Ice            1%         N/A       100%        3
 Tukima's Dance           Hex            1%         N/A       100%        3
 Anguish                  Hex/Necr       0%         N/A       100%        4
 Summon Lightning Spire   Summ/Air       3%         N/A       100%        4
 Lightning Bolt           Conj/Air       1%         1d12      100%        5
 Enfeeble                 Hex            0%         N/A       100%        7
 Ozocubu's Refrigeration  Ice            0%         4d5       100%        7


Dungeon Overview and Level Annotations

Branches:
Dungeon (7/15)             Temple (1/1) D:6

Altars:
Cheibriados
Dithmenos
Hepliaklqana
Nemelex Xobeh
Qazlal
Trog
Yredelemnul

Shops:
D:5 *   D:7 [


Innate Abilities, Weirdness & Mutations

You are partially covered in molten scales. (AC +2)
Your demonic aura often causes spilled blood to erupt in flames.
You are mostly covered in sharp spines.


Message History

You kill the wyvern!
Cheibriados thoroughly appreciates the change of pace.
Items here: ) †††.
The orc shouts!
You hear a shout!
A hornet comes into view.
Unknown command.
The orc hits you with a +0 flail.
You hit the orc but do no damage.
The orc is poisoned.
The orc is struck by your spines.
You kill the orc!
Cheibriados appreciates the change of pace.
Unknown command.
You hit the hornet but do no damage.
The hornet is poisoned.
The hornet barely misses you. The hornet is struck by your spines.
The hornet stings you!
You feel yourself slow down.
Unknown command.
You hit the hornet but do no damage.
The hornet is lightly wounded.
You block the hornet's attack. The hornet is struck by your spines.
The hornet stings you but does no damage.
You hit the hornet.
The hornet looks as sick as possible!
The hornet is severely wounded.
You feel yourself speed up.
You are no longer glowing.
The hornet stings you but does no damage.
The orc priest mumbles some strange prayers to Beogh against you.
Beogh smites you!
* * * LOW HITPOINT WARNING * * *
You hit the hornet but do no damage.
The hornet looks as sick as possible!
The hornet is severely wounded.
The hornet is struck by your spines.
You kill the hornet!
Cheibriados appreciates the change of pace.
The orc priest calls down the wrath of Beogh upon you.
Beogh smites you!
* * * LOW HITPOINT WARNING * * *
Unknown command.
It was a potion of curing.
You feel better.
The orc priest calls down the wrath of Beogh upon you.
Pain shoots through your body!
You die...

#..####################.#
#.......................#
#.................)..†..#
#..####################.# #
#..#.....#.....# #.# #
#..#.....#.....# #.# #
#..#..#..#.o#.o# #.# #
#..#..#..#).#..# #.###
#.....#)))@.#.h. #....
#.....#.....#... #....
#######################....
#>................
#########.#####...
#......#.# #... #.#<.#.#'##
#... #.##.#....# #...
#.#..'....# ##.#


You could see an orc priest.

Vanquished Creatures
  Pikel (D:4)
  A komodo dragon (D:7)
  A hornet (D:7)
  Grinder (D:5)
  A wyvern (D:7)
  A steam dragon (D:7)
  3 water moccasins
  Menkaure (D:4)
  3 ice beasts
  2 orc warriors
  2 sky beasts (D:7)
  4 black bears (D:6)
  4 centaurs (D:7)
  2 phantoms
  A kobold brigand (D:7)
  2 bullfrogs
  3 necrophages
  5 scorpions
  4 killer bees
  A howler monkey (D:4)
  7 hounds
  Crazy Yiuf (D:6)
  4 jellies
  An orc priest (D:5)
  2 gnoll shamans
  3 iguanas
  2 orc wizards
  7 gnolls
  11 adders
  A shadow imp (D:6)
  5 white imps
  An ufetubus (D:4)
  A worm (D:4)
  3 dart slugs
  21 orcs
  8 endoplasms
  6 giant cockroaches
  8 goblins
  5 hobgoblins
  3 jackals (D:4)
  3 quokkas (D:1)
  6 ball pythons
  4 bats
  2 frilled lizards
  5 kobolds
  5 rats
168 creatures vanquished.

Vanquished Creatures (others)
  A gnoll (D:6)
  3 withered plants (D:2)
4 creatures vanquished.

Grand Total: 172 creatures vanquished

Notes
Turn   | Place    | Note
-------+----------+-------------------------------------------
     0 | D:1      | Morbidden the Demonspawn Fighter began the quest for the
                  | Orb.
     0 | D:1      | Reached XP level 1. HP: 18/18 MP: 1/1
   140 | D:1      | Gained mutation: You are partially covered in sharp spines.
                  | [demonic ancestry]
   140 | D:1      | Reached XP level 2. HP: 14/24 MP: 2/2
   360 | D:1      | Reached skill level 2 in Long Blades
  1150 | D:2      | Reached XP level 3. HP: 27/29 MP: 3/3
  1514 | D:2      | Reached skill level 1 in Dodging
  1547 | D:2      | Found a faded altar of an unknown god.
  2361 | D:3      | Gained mutation: You are mostly covered in sharp spines.
                  | [demonic ancestry]
  2361 | D:3      | Reached XP level 4. HP: 25/35 MP: 4/4
  2913 | D:4      | Reached skill level 3 in Long Blades
  2931 | D:4      | Noticed Menkaure
  2939 | D:4      | Killed Menkaure
  2940 | D:4      | Gained mutation: You are partially covered in molten
                  | scales. (AC +2) [demonic ancestry]
  2940 | D:4      | Reached XP level 5. HP: 29/42 MP: 5/5
  3106 | D:4      | Noticed a lemure
  3106 | D:4      | Noticed a lemure
  3106 | D:4      | Noticed a lemure
  3107 | D:4      | Noticed Pikel
  3107 | D:4      | Noticed a lemure
  3201 | D:4      | Killed Pikel
  3202 | D:4      | Reached skill level 5 in Long Blades
  3202 | D:4      | Reached XP level 6. HP: 7/48 MP: 6/6
  3202 | D:4      | Reached XP level 7. HP: 8/54 MP: 7/7
  3785 | D:4      | Reached skill level 6 in Long Blades
  4360 | D:5      | Entered Level 5 of the Dungeon
  4393 | D:5      | Noticed Grinder
  4403 | D:5      | Gained mutation: Your demonic aura sometimes causes spilled
                  | blood to erupt in flames. [demonic ancestry]
  4403 | D:5      | Reached XP level 8. HP: 41/61 MP: 8/8
  4408 | D:5      | Paralysed by Grinder for 3 turns
  4421 | D:5      | Paralysed by Grinder for 7 turns
  4428 | D:5      | Killed Grinder
  4728 | D:5      | Found Tyaxit's Fire Supplies.
  5240 | D:5      | Found a bloodstained altar of Trog.
  5255 | D:5      | Reached skill level 7 in Long Blades
  5331 | D:5      | Found a stormy altar of Qazlal.
  5367 | D:5      | Reached skill level 1 in Short Blades
  5601 | D:6      | Reached skill level 5 in Fighting
  5694 | D:6      | Reached skill level 5 in Armour
  6146 | D:6      | Reached XP level 9. HP: 67/68 MP: 9/9
  6274 | D:6      | Found a runed translucent door.
  6275 | D:6      | Noticed Crazy Yiuf
  7079 | D:6      | Found a staircase to the Ecumenical Temple.
  7085 | D:6      | Learned a level 4 spell: Airstrike
  7094 | Temple   | Entered the Ecumenical Temple
  7247 | Temple   | Became a worshipper of Cheibriados the Contemplative
  7589 | D:6      | Killed Crazy Yiuf
  7590 | D:6      | Reached skill level 1 in Invocations
  7675 | D:7      | Found Ubbyatyo's Armour Shoppe.
  7815 | D:7      | Reached * piety under Cheibriados
  7816 | D:7      | Reached skill level 5 in Dodging
  7816 | D:7      | Reached skill level 1 in Stealth
  8510 | D:7      | Gained mutation: Your demonic aura often causes spilled
                  | blood to erupt in flames. [demonic ancestry]
  8510 | D:7      | Reached XP level 10. HP: 68/76 MP: 11/11
  8521 | D:7      | Reached skill level 1 in Air Magic
  8575 | D:7      | Reached skill level 1 in Spellcasting
  8953 | D:7      | Reached skill level 8 in Long Blades
  8965 | D:7      | HP: 1/76 [orc priest/divine providence (11)]
  8966 | D:7      | Killed from afar by an orc priest

Illustrated notes

Levels and vault maps discovered:
D:1:      kennysheep_arrival_seaside, layout_loops_ring, minmay_pentomino_v2
D:2:      layout_basic, ebering_ecumenical_altar_petrified, kennysheep_nub,
          st_stairs_9
D:3:      layout_loops_ring
D:4:      layout_cave_pools, uniq_pikel, uniq_menkaure
D:5:      layout_cave_pools, jmf_multi_god_temple, serial_park_tiny_2,
          nicolae_shop_fire_sale [nicolae_sub_dead_trees], uniq_grinder
D:6:      layout_gridville, lemuel_temple_firewalk_b, minmay_alternating_orb,
          uniq_crazy_yiuf_cottage
D:7:      kennysheep_windowed_halls, layout_basic, serial_shops,
          nicolae_shop_behind_doors
Temple:   mainiacjoe_temple_big_plus

Skill      XL: |  1  2  3  4  5  6  7  8  9 10 |
---------------+-------------------------------+-----
Long Blades    | 2 3 5 6 7 8 |  8.0
Dodging        | 1 2 3 4 5 |  5.5
Armour         | 3 4 5 6 |  6.2
Fighting       | 4 5 6 |  6.2
Shields        | 3 4 |  4.9
Short Blades   | 1 3 |  3.6
Invocations    | 2 3 |  3.2
Stealth        | 1 |  1.0
Air Magic      | 1 |  1.4
Spellcasting   | 1 |  1.2

Action                   |  1- 3 |  4- 6 |  7- 9 | 10-12 || total
-------------------------+-------+-------+-------+-------++-------
Melee: Long sword        |   118 |    37 |    25 |       ||   180
       Dagger            |       |       |   330 |    59 ||   389
Throw: Boomerang         |       |       |     1 |       ||     1
  Use: Potion            |       |       |     1 |     1 ||     2
       Scroll            |       |       |       |     2 ||     2
Armor: Scale mail        |    15 |       |       |       ||    15
       Chain mail        |    53 |    22 |   191 |    45 ||   311
Dodge: Dodged            |    40 |    12 |   104 |    17 ||   173
Block: Buckler           |    26 |    10 |    48 |       ||    84
       Kite shield       |       |       |    45 |    32 ||    77

Table legend: (Time is in decaauts)
 A = Elapsed time spent in this place.
 B = Non-inter-level travel time spent in this place.
 C = Inter-level travel time spent in this place.
 D = Time resting spent in this place.
 E = Time spent auto-exploring this place.
 F = Levels seen in this place.
 G = Mean time per level.
                   A        B        C        D        E       F      G
               +--------+--------+--------+--------+--------+-----+--------+
         Total |   9280 |   8875 |    405 |   1833 |   5661 |   8 | 1160.0 |
       Dungeon |   9089 |   8766 |    323 |   1833 |   5554 |   7 | 1298.4 |
        Temple |    191 |    110 |     81 |      0 |    107 |   1 |  191.0 |
               +--------+--------+--------+--------+--------+-----+--------+

Top non-repeatable levels by time:
     D:6: 1941 daAuts
     D:7: 1519 daAuts
     D:5: 1217 daAuts
     D:3: 1204 daAuts
     D:1: 1167 daAuts
     D:4: 1086 daAuts
     D:2: 952 daAuts
  Temple: 191 daAuts
